[Event "Chpt Reg Jeunes Occitanie 2026 - Espalion"]
[Site "Espalion, France"]
[Round "1.11"]
[ECO "?"]
[Annotator "?"]
[TimeControl "1h30 + 30sec/cp"]

1. d4 d5 2.
c4 dxc4 3.
Qa4+ Bd7 4.
Qxc4 e6 5.
Nf3 Nc6 6.
e4 a6 7. g3 Nb4 8. Bd2 Bb5 9. Qb3 Bxf1 10.
Kxf1 Nc6 11. Qxb7 Nge7 12. Bc3 Qc8 13. Qxc8+ Rxc8 14. Nbd2 Ng6 15. Rc1 Bb4 16. Ke2 O-O 17. Bxb4 Nxb4 18. a3 Nd5 19. exd5 exd5 20.
Kd3 Rb8 21. b4 Rbc8 22. Rhe1 f6 23. Rc6 Kf7 24. Nb3 Ne7 25. Rxa6 c6 26. Ra7 Rfe8 27. Nc5 Ra8 28. Rexe7+ Rxe7 29. Rxa8 1-0

[White "FANISE, Tao"]
[Black "VALMIR, Clovis"]
[WhiteElo "1512"]
[BlackElo "2006"]
[Result "0-1"]
[Date "2026.03.04"]

[Event "Chpt Reg Jeunes Occitanie 2026 - Espalion"]
[Site "Espalion, France"]
[Round "1.12"]
[ECO "?"]
[Annotator "?"]
[TimeControl "1h30 + 30sec/cp"]

1. e4 c5 2.
Nf3 d6 3.
d4 cxd4 4.
Nxd4 Nf6 5.
Nc3 a6 6.
Bc4 e6 7.
Bg5 b5 8.
Bb3 Be7 9.
f3 O-O 10.
O-O Qc7 11. a3 h6 12. Bh4 Nxe4 13. Bxe7 Nxc3 14. Bxd6 Qxd6 15. bxc3 Qc5 16. Kh1 Qxc3 17. Ne2 Qa5 18. Ng3 Bb7 19. Qe2 Nc6 20.
Rfd1 Rad8 21. Rxd8 Rxd8 22. Rd1 Rd4 23. h3 Qd8 24. Re1 Rd2 25. Qe4 Qd4 26. Qxd4 Nxd4 27. Rc1 Nxf3 28. Nf1 Rf2 29. Ne3 Re2 30.
Rd1 Rxe3 31. Rd8+ Kh7 32. Rd7 Re1# 0-1

[White "MARTINEZ, Julien"]
[Black "JOULE, Elise"]
[WhiteElo "1920"]
[BlackElo "1494"]
[Result "1-0"]
[Date "2026.03.04"]

[Event "Chpt Reg Jeunes Occitanie 2026 - Espalion"]
[Site "Espalion, France"]
[Round "1.13"]
[ECO "?"]
[Annotator "?"]
[TimeControl "1h30 + 30sec/cp"]

1. d4 Nf6 2. Bf4 d5 3. Nf3 Bf5 4. e3 e6 5.
c4 Bb4+ 6.
Nbd2 c5 7.
cxd5 exd5 8. Bxb8 Rxb8 9. Bb5+ Bd7 10. Bxd7+ Qxd7 11. O-O O-O 12. Ne5 Qe6 13. Nd3 Bxd2 14. Nxc5 Qc6 15. Qxd2 b6 16. Nd3 a5 17. Rac1 Ne4 18. Qe2 Qb5 19.
Nf4 Qb4 20. Nxd5 Qd6 21. Nc3 Nxc3 22. Rxc3 Rbc8 23. Rfc1 Qd7 24. Qc2 Rxc3 25. Qxc3 h6 26. Qc6 Qa7 27. h3 Qa6 28. d5 Qd3 29. Qd7 Qd2 30. Rc8 Qb4 31. d6 Qe1+ 32. Kh2 Qxf2 33. Rxf8+ Kxf8 34. Qd8# 1-0

[White "HACHANI, Mila"]
[Black "VILLEMIN CHARTIER, Elias"]
[WhiteElo "1491"]
[BlackElo "1900"]
[Result "0-1"]
[Date "2026.03.04"]

[Event "Chpt Reg Jeunes Occitanie 2026 - Espalion"]
[Site "Espalion, France"]
[Round "1.14"]
[ECO "?"]
[Annotator "?"]
[TimeControl "1h30 + 30sec/cp"]

1. e4 e5 2.
Nf3 Nc6 3.
Bc4 f5 4.
d3 Nf6 5.
Bg5 h6 6.
Bxf6 Qxf6 7. a3 fxe4 8. dxe4 d6 9. h3 Qg6 10. Qd5 Ne7 11. Qd3 Bd7 12. Nc3 O-O-O 13. O-O-O Qxg2 14. Rh2 Qg6 15. Qe3 Kb8 16. Rd3 Qf6 17. Na2 Qf4 18. Qxf4 exf4 19. Rb3 Bc6 20.
Nc3 b6 21.
Nd4 Bd7 22. Ba6 Nc6 23. Ndb5 Ne5 24. Nd4 g5 25. Nd5 Bg7 26. c3 Nc6 27. Nb5 Na5 28. Rb4 Bxb5 29.
Bxb5 c6 30. Bxc6 Nxc6 31. Rc4 Kb7 32. f3 Be5 33. Rd2 b5 34. Rxc6 Kxc6 35. Ne7+
Kb7 36. Ng6 Rhe8 37. Rd5 a6 38. a4 Re6 39. Nxe5 Rxe5 40. Rd4 d5 41. axb5 axb5
42. b3 Kc6 43. b4 Ra8 44. Kd2 dxe4 45. fxe4 Rae8 46. Kd3 f3 47. Ke3 Rxe4+ 48.
Rxe4 Rxe4+ 49. Kxf3 Rc4 50. Kg3 Rxc3+ 51. Kg4 Rc4+ 52. Kh5 Rxb4 53. Kxh6 Rh4+
54. Kxg5 Rxh3 55. Kf4 b4 56. Kg4 Rd3 57. Kf4 b3 58. Ke4 Rd8 59. Ke5 b2 60. Kf5
b1=Q+ 61. Kg5 Rg8+ 62. Kh5 Qh1# 0-1

[White "ANZA-HAFSA, Salim"]
[Black "MOREL, Ysaline"]
[WhiteElo "1823"]
[BlackElo "1490"]
[Result "1-0"]
[Date "2026.03.04"]

[Event "Chpt Reg Jeunes Occitanie 2026 - Espalion"]
[Site "Espalion, France"]
[Round "1.15"]
[ECO "?"]
[Annotator "?"]
[TimeControl "1h30 + 30sec/cp"]

1. e4 e6 2.
d4 d5 3. e5 Bd7 4. Nf3 c5 5. c3 Nc6 6. a3 Qb6 7. b4 cxd4 8.
cxd4 a6 9.
Be3 Nge7 10. Nbd2 Ng6 11. Nb3 Be7 12. Bd3 Qc7 13. Rc1 f6 14. Qc2 f5 15. h4 h5 16. Bg5 Rc8 17. Qd2 Qd8 18. Nc5 Rc7 19. Bxe7 Qxe7 20. Be2 Nb8 21. Ng5 b6 22. Nd3 Rxc1+ 23.
Qxc1 Nc6 24. Qd1 Nxh4 25. Bxh5+ Kf8 26. Rxh4 Qxg5 27. Nf4 Ne7 28. g3 g6 29.
Qd2 gxh5 30. Nxe6+ Bxe6 31. Qxg5 1-0

[White "LOMBARD, Louis"]
[Black "BAUER, Pierre"]
[WhiteElo "1663"]
[BlackElo "2174"]
[Result "0-1"]
[Date "2026.03.04"]

[Event "Chpt Reg Jeunes Occitanie 2026 - Espalion"]
[Site "Espalion, France"]
[Round "2.11"]
[ECO "?"]
[Annotator "?"]
[TimeControl "1h30 + 30sec/cp"]

1. d4 Nf6 2. c4 e6 3. Nf3 d5 4. g3 dxc4 5. Bg2 a6 6. O-O Nc6 7. e3 Bd7 8. Qc2 Nb4 9. Qe2 Bc6 10. Nbd2 b5 11. a3 Nbd5 12.
Ne5 Bb7 13. Ndf3 Be7 14. e4 Nb6 15. Ng5 O-O 16. Rd1 Qe8 17. Bh3 Nfd7 18. Qg4 Nxe5 19. dxe5 Qc6 20. Re1 Nd7 21. Nf3 f5 22. Qh5 fxe4 23.
Nd4 Qc5 24. Bxe6+ Kh8 25. Bf5 Rxf5 26.
Qxf5 Qxd4 27. Be3 Qxb2 28. Qxd7 Qxe5 29. Bf4 Qc5 30. Rad1 h6 31. Bxc7 Rf8 32. Bf4 Bc8 33. Qd2 Qxa3 34. Bxh6 c3 35. Qc1 Qxc1 36. Bxc1 Bf5 37. Rd5 b4 38. Ra5 b3 39. g4 Bxg4 40. Rxe4 b2 41. Bxb2 cxb2 42. Re1 Bb4 0-1

[White "VALMIR, Clovis"]
[Black "DAURIAC, Ilyes"]
[WhiteElo "2006"]
[BlackElo "1656"]
[Result "1-0"]
[Date "2026.03.04"]

[Event "Chpt Reg Jeunes Occitanie 2026 - Espalion"]
[Site "Espalion, France"]
[Round "2.12"]
[ECO "?"]
[Annotator "?"]
[TimeControl "1h30 + 30sec/cp"]

1. e4 c6 2.
d4 d5 3. e5 c5 4. dxc5 Nc6 5. a3 a6 6. c4 dxc4 7.
Qxd8+ Kxd8 8. Nf3 Bg4 9. Nbd2 e6 10. Bxc4 Bxc5 11. O-O Nge7 12. b4 Bb6 13. Bb2 Ng6 14. h3 Bxf3 15. Nxf3 Ke7 16. Rac1 Rhd8 17. b5 Na5 18. bxa6 Nxc4 19.
Rxc4 Rxa6 20. Bc3 Ba5 21. Rb1 Rd7 22. Bd4 f6 23. Rc8 Rc6 24. Rb8 fxe5 25. Bxe5 Bc7 26. Bxc7 Rcxc7 27. h4 Rc3 28. h5 Nf4 29. h6 gxh6 30. Rh8 Rxa3 31. Rxh7+ Kd8 32.
Rxh6 Rg7 33. Rd1+ Ke7 34. Nh4 b5 35. g3 b4 36. Kh2 Ne2 37. Re1 Nd4 38. Re4 Rd3 39. Ng6+ Rxg6 40. Rxg6 b3 41. Rg7+ Kd6 42. Rb7 Rd2 43.
Rxd4+ Rxd4 44. Rxb3 Ke5 45. Rf3 Rg4 46. Kh3 Rg6 47. g4 Ke4 48. Rf8 e5 49. Kh4 Rh6+ 50. Kg5 Rh3 51. Kg6 Rf3 52. Rxf3 Kxf3 53. Kf5 e4 54. g5 e3 55. fxe3 Kxe3 56.
g6 Kd4 57.
g7 Kd5 58.
g8=Q+ Kd4 59. Qe6 Kc5 60. Ke4 Kb5 61. Qd6 Ka5 62. Qb8 Ka6 63. Kd5 Ka5 64. Kc5 Ka6 65. Qa8# 1-0

[White "FLOURY, Noe"]
[Black "MARTINEZ, Julien"]
[WhiteElo "1650"]
[BlackElo "1920"]
[Result "0-1"]
[Date "2026.03.04"]

[Event "Chpt Reg Jeunes Occitanie 2026 - Espalion"]
[Site "Espalion, France"]
[Round "2.13"]
[ECO "?"]
[Annotator "?"]
[TimeControl "1h30 + 30sec/cp"]

1. d4 d5 2.
Nc3 Nf6 3.
Bf4 c6 4.
e3 Bf5 5.
f3 e6 6. g4 Bg6 7. h4 h5 8. g5 Nfd7 9. Bd3 Bxd3 10.
Qxd3 Na6 11. a3 Qb6 12. Rb1 c5 13. Nge2 Bd6 14. Kf2 cxd4 15. exd4 Bxf4 16. Nxf4 Qd6 17. Nfe2 g6 18. Ng3 Nc7 19. a4 Rc8 20. Rbc1 Kf8 21. Rhe1 Qf4 22. Rh1 Kg7 23.
Qe3 Qd6 24. Rhe1 Na6 25. Nb5 Qb6 26. c3 Nc7 27. Nxc7 Rxc7 28. Qd2 Qb3 29. Qc2 Qb6 30. Kg2 Rhc8 31. Ne2 Nb8 32. b3 Nc6 33. Qb2 Ne7 34. Ng3 Qd6 35.
Qd2 Qa3 36. Qc2 Qb4 37. Qd2 Rxc3 38. Ne2 Rxb3 39. Rxc8 Qxd2 0-1

[White "VILLEMIN CHARTIER, Elias"]
[Black "BAILLA, Akrem"]
[WhiteElo "1900"]
[BlackElo "1647"]
[Result "1-0"]
[Date "2026.03.04"]

[Event "Chpt Reg Jeunes Occitanie 2026 - Espalion"]
[Site "Espalion, France"]
[Round "2.14"]
[ECO "?"]
[Annotator "?"]
[TimeControl "1h30 + 30sec/cp"]

1. e4 c6 2.
d4 d5 3.
Nc3 a6 4.
h3 dxe4 5.
Nxe4 Bf5 6.
Ng3 Bg6 7.
h4 h6 8.
Nh3 Nd7 9.
Nf4 Bh7 10.
Bc4 Ngf6 11. c3 e6 12. Qe2 Qe7 13. O-O Nd5 14. h5 N7b6 15. Bb3 Qh4 16. Nd3 Bxd3 17. Qxd3 Bd6 18. c4 Nb4 19. Qf3 c5 20. Qxb7 Rb8 21. Qf3 Rc8 22. d5 exd5 23. Re1+ Be7 24.
Nf5 Qf6 25. Nxe7 Kd8 26. Qxf6 gxf6 27. Nxc8 Kxc8 28. Bd2 Nd3 29. cxd5 Nxe1 30. Rxe1 c4 31. Bxc4 Nxc4 32. Rc1 Kd7 33. Rxc4 Kd6 34. Rc6+ Kxd5 35.
Rxf6 Rb8 36. Rxa6 Rxb2 37. Bxh6 Rb8 38. g4 Rh8 39. g5 Ke5 40. Bg7+ Kf5 41. Bxh8 Kxg5 42. Rf6 Kxh5 43. a4 Kg5 44. a5 Kh5 45. a6 Kg5 46. a7 Kh5 47. a8=Q Kg5 48. Qd5+ Kg4 49. Qf5+ Kh4 50. Rh6# 1-0

[White "PETITGRAND, Leo"]
[Black "ANZA-HAFSA, Salim"]
[WhiteElo "1644"]
[BlackElo "1823"]
[Result "1-0"]
[Date "2026.03.04"]

[Event "Chpt Reg Jeunes Occitanie 2026 - Espalion"]
[Site "Espalion, France"]
[Round "2.15"]
[ECO "?"]
[Annotator "?"]
[TimeControl "1h30 + 30sec/cp"]

1. e4 e5 2. Nf3 Nf6 3. Nxe5 d6 4. Nf3 Nxe4 5. d4 d5 6. Bd3 Bg4 7. O-O Be7 8. Re1 Nf6 9. h3 Bh5 10. Bf4 O-O 11. Nbd2 Nc6 12. c3 a6 13. Nf1 Bg6 14. Bxg6 fxg6 15.
Ng5 Qd7 16. Ne6 Rfc8 17. Ng3 Bd6 18. Bxd6 Qxd6 19. Nc5 Nd8 20. Qb3 Kf8 21. Qa3 Kf7 22. Qb3 Kf8 23. Qa3 Kg8 24. Qb3 Kh8 25.
Re3 b6 26.
Nd3 Nf7 27. Rae1 a5 28. Ne5 Kg8 29. Nf1 Re8 30. Nh2 Re7 31. Nxf7 Rxf7 32. Nf3 Ne4 33. Ne5 Re7 34. Rxe4 a4 35. Qb5 dxe4 36. Rxe4 Ra5 37. Qe2 Qf6 38.
Ng4 Qd6 39. Rxe7 h5 40. Nh2 Rf5 41. Qe6+ Qxe6 42. Rxe6 Kf7 43. Rc6 Rb5 44. Rxc7+ Kf6 45. Ra7 Rxb2 46. Rxa4 Ke6 47. Nf3 Kd5 48. Rb4 Rxa2 49. Rxb6 Rc2 50. Rxg6 Rxc3 51. Rxg7 Ke6 52. Rh7 Kf6 53. Rxh5 Kg6 54. Rc5 Rd3 55. Ne5+ Kg7 56. Nxd3 Kh8 57. Rg5 Kh7 58. d5 Kh8 59. d6 Kh7 60. d7 Kh6 61. d8=Q Kh7 62. Qg8+ Kh6 63.
Qg6# 1-0

[White "BAUER, Pierre"]
[Black "MAURY, Tom"]
[WhiteElo "2174"]
[BlackElo "1701"]
[Result "1-0"]
[Date "2026.03.05"]

[Event "Chpt Reg Jeunes Occitanie 2026 - Espalion"]
[Site "Espalion, France"]
[Round "3.11"]
[ECO "?"]
[Annotator "?"]
[TimeControl "1h30 + 30sec/cp"]

1. d4 Nf6 2. c4 e6 3. Nc3 Bb4 4. f3 d5 5. a3 Bxc3+ 6. bxc3 O-O 7. cxd5 exd5 8. e3 Bf5 9. Ne2 Re8 10. Ng3 Bg6 11. Bd3 Nh5 12. Nxh5 Bxh5 13. O-O c6 14. Ra2 Nd7 15. Re2 Nf6 16. Qc2 Qc7 17.
Ree1 c5 18. Qf2 Bg6 19. Bxg6 hxg6 20. g4 Rac8 21. g5 Nh5 22. e4 cxd4 23. cxd4 Qd6 24. Qb2 b6 25. Bd2 Nf4 26. e5 Nh3+ 27. Kg2 Qe6 28. Qb1 Rc4 29. Qd3 Rec8 30.
Rc1 b5 31.
Kg3 Kh7 32. f4 Rh8 33. f5 gxf5 34. Kxh3 Kg8+ 35. Kg2 Rxd4 36. Qxd4 f4 37. Qxf4 d4 38. Rc8+ Qxc8 39. Qxf7+ Kh7 40. Qh5+ Kg8 41. Qf7+ Kh7 42.
g6# 1-0

[White "CASSANGERES, Charlie"]
[Black "VALMIR, Clovis"]
[WhiteElo "1700"]
[BlackElo "2006"]
[Result "0-1"]
[Date "2026.03.05"]

[Event "Chpt Reg Jeunes Occitanie 2026 - Espalion"]
[Site "Espalion, France"]
[Round "3.12"]
[ECO "?"]
[Annotator "?"]
[TimeControl "1h30 + 30sec/cp"]

1. d4 Nf6 2. c4 g6 3. Nc3 Bg7 4. Nf3 O-O 5. g3 d6 6. Bg2 c6 7. O-O Qa5 8. e4 Qh5 9. Qd3 e5 10. d5 cxd5 11.
cxd5 Na6 12. a3 Nc5 13. Qc2 a5 14. Be3 Bg4 15. Bxc5 dxc5 16. Qd3 c4 17. Qe2 Ne8 18. Nd1 Nd6 19. Ne3 f5 20. h3 Bxf3 21. Bxf3 Qxh3 22. Nxc4 Nb5 23. Bg2 Qh6 24. Rfd1 Nd4 25.
Qd3 f4 26.
Nd2 Qh5 27. Nf3 fxg3 28. Nxd4 Qh2+ 29. Kf1 Rxf2+ 30. Ke1 Qg1+ 31. Bf1 g2 0-1

[White "MARTINEZ, Julien"]
[Black "DUQUESNE, Basil"]
[WhiteElo "1920"]
[BlackElo "1701"]
[Result "1-0"]
[Date "2026.03.05"]

[Event "Chpt Reg Jeunes Occitanie 2026 - Espalion"]
[Site "Espalion, France"]
[Round "3.13"]
[ECO "?"]
[Annotator "?"]
[TimeControl "1h30 + 30sec/cp"]

1. d4 Nf6 2. Bf4 g6 3. e3 Bg7 4. Nf3 O-O 5. Be2 d6 6. h3 Nbd7 7. O-O c5 8. c3 a6 9. Qb3 Rb8 10. a4 b6 11. Bh2 Qc7 12. Nbd2 Bb7 13. Qa3 e5 14.
dxe5 Nxe5 15. Nxe5 dxe5 16. b4 Rfe8 17. a5 cxb4 18. cxb4 b5 19. Rac1 Qd6 20. Nb3 Rbc8 21. Nc5 Qe7 22. Bxe5 Qxe5 23. Nxb7 Bf8 24.
Nc5 Bxc5 25. Rxc5 Rxc5 26. bxc5 Rc8 27. Rc1 Ne4 28. c6 Qd6 29. Qxd6 Nxd6 30. Rc5 Rc7 31. Bd3 Kf8 32. e4 Ke7 33. e5 Ne8 34. Be4 Ng7 35. Bd5 Ne6 36. Bxe6 Kxe6 37.
g4 g5 38.
h4 h6 39.
hxg5 hxg5 40. Kf1 Rc8 41. Ke2 Rd8 42. Ke3 b4 43. c7 Rc8 44. Kd4 b3 45. Kc3 Kd7 46. Kxb3 Rxc7 47. Rxc7+ Kxc7 48. Kb4 Kb7 49. Kc5 Kc7 50. f3 Kd7 51. Kb6 Ke6 52. Kxa6 Kxe5 53. Kb6 f5 54.
gxf5 Kxf5 55. a6 Kf4 56. a7 Kxf3 57. a8=Q+ 1-0

[White "PIERROT, Anais"]
[Black "VILLEMIN CHARTIER, Elias"]
[WhiteElo "1698"]
[BlackElo "1900"]
[Result "0-1"]
[Date "2026.03.05"]

[Event "Chpt Reg Jeunes Occitanie 2026 - Espalion"]
[Site "Espalion, France"]
[Round "3.14"]
[ECO "?"]
[Annotator "?"]
[TimeControl "1h30 + 30sec/cp"]

1. e4 e5 2. Nf3 Nf6 3. Nxe5 d6 4. Nf3 Nxe4 5. Nc3 Nxc3 6. dxc3 Nd7 7. Be3 Be7 8. Qd2 Nf6 9. Bd3 Be6 10. Nd4 O-O 11. Nxe6 fxe6 12. f3 Nd5 13.
O-O-O Nxe3 14. Rde1 Bg5 15. Rxe3 Bxe3 16. Qxe3 Qf6 17. Kb1 Rae8 18. Qe4 g6 19. h4 d5 20. Qg4 Qf4 21. Qh3 e5 22. h5 g5 23. Qd7 Qf7 24. Qg4 Qe7 25. h6 e4 26. fxe4 dxe4 27. Bc4+ Kh8 28. Re1 Rf4 29. Qe2 e3 30. g3 Rf2 31. Qg4 Qe4 32. Qxe4 Rxe4 33. Bd5 Re5 34. Bc4 e2 35. Kc1 Rf1 36.
Kd2 Rxe1 37. Kxe1 Re3 38. g4 Rh3 39. Bxe2 Rxh6 40. Bd3 Kg7 41. Kf2 Kf6 42. Kf3 Ke5 43. Ke3 Rh3+ 44. Kf2 Kf4 45. Kg2 Rg3+ 46. Kf2 Rxg4 47.
Bxh7 Rh4 48. Bd3 Rh2+ 49. Ke1 g4 50. a3 g3 51. Kf1 Kf3 0-1

[White "SARDARYAN, Arman"]
[Black "URIBE, Tunweya"]
[WhiteElo "1698"]
[BlackElo "1786"]
[Result "0-1"]
[Date "2026.03.05"]

[Event "Chpt Reg Jeunes Occitanie 2026 - Espalion"]
[Site "Espalion, France"]
[Round "3.15"]
[ECO "?"]
[Annotator "?"]
[TimeControl "1h30 + 30sec/cp"]

1. e4 c5 2. Nf3 e6 3. c3 d5 4. e5 d4 5. cxd4 cxd4 6. Qa4+ Nc6 7. Bb5 Bd7 8. Bxc6 Bxc6 9. Qxd4 Qa5 10. Qc3 Bb4 11. Qe3 Ne7 12.
O-O O-O 13. Nc3 Nf5 14. Qf4 Rfd8 15. a3 Be7 16. Re1 Rd3 17. Ne4 Rad8 18. b4 Qb6 19. Bb2 a5 20. Bc3 axb4 21. axb4 Bf8 22. g4 Ne7 23. Nfg5 f5 24. exf6 Ng6 25. f7+ Kh8 26.
Bxg7+ Bxg7 27. f8=Q+ Rxf8 28. Nf7+ Kg8 29. Nf6+ Kxf7 30. Qc4 Bxf6 31. Qxe6+ Kg7 32. Ra5 Re8 33. Qxe8 Bxe8 34. Rxe8 Qxb4 35. Ra7 Qxg4+ 36.
Kf1 Rxd2 37. Rxb7+ Rd7 38. Rb1 Rd1+ 39. Rxd1 Qxd1+ 40. Kg2 Qd5+ 41. Kg3 Bh4+ 42. Kg4 h5+ 43. Kh3 Qf3# 0-1

[White "URIBE, Tunweya"]
[Black "BAUER, Pierre"]
[WhiteElo "1786"]
[BlackElo "2174"]
[Result "0-1"]
[Date "2026.03.05"]

[Event "Chpt Reg Jeunes Occitanie 2026 - Espalion"]
[Site "Espalion, France"]
[Round "4.11"]
[ECO "?"]
[Annotator "?"]
[TimeControl "1h30 + 30sec/cp"]

1. d4 Nf6 2. c4 g6 3.
Nc3 Bg7 4.
e4 d6 5.
Nf3 O-O 6.
Be2 e5 7.
O-O c6 8.
d5 a5 9. h3 Na6 10. Be3 Nh5 11. Qd2 f5 12. exf5 gxf5 13. Bg5 Qb6 14.
Be7 Re8 15. Bxd6 Ng3 16. Rfe1 cxd5 17. Qxd5+ Be6 18. Qd2 Rad8 19. Rad1 Nxe2+ 20. Nxe2 Bxc4 21. b3 Bxe2 22. Rxe2 Re6 23.
Qg5 Rexd6 24. Rxd6 Rxd6 25. Nh4 Qd8 26. Qh5 Rh6 27. Qxf5 Rxh4 28. Qe6+ Kh8 29. Rxe5 Bxe5 30. Qxe5+ Kg8 31. Qe6+ Kf8 32.
Qf5+ Ke7 33. Qe5+ Kd7 34. Qd5+ Kc8 35. Qe6+ Kb8 36. Qe5+ Ka8 0-1

[White "VALMIR, Clovis"]
[Black "VALYAEV, Paul"]
[WhiteElo "2006"]
[BlackElo "1746"]
[Result "1-0"]
[Date "2026.03.05"]

[Event "Chpt Reg Jeunes Occitanie 2026 - Espalion"]
[Site "Espalion, France"]
[Round "4.12"]
[ECO "?"]
[Annotator "?"]
[TimeControl "1h30 + 30sec/cp"]

1. e4 c5 2.
Nf3 d6 3.
d4 cxd4 4.
Nxd4 Nf6 5.
Nc3 a6 6.
f3 e5 7.
Nb3 Be6 8.
Be3 Nbd7 9.
Qd2 Be7 10.
O-O-O O-O 11. g4 b5 12. g5 Nh5 13. Kb1 Rc8 14. Nd5 Bxd5 15. exd5 Qc7 16.
Na5 Nf4 17. h4 Nb6 18. Bxf4 exf4 19. Bh3 Rce8 20. Nc6 f6 21. Be6+ Kh8 22. g6 h6 23. Bf7 Rc8 24. Rde1 Nc4 25. Qxf4 Ne5 26. Be6 Ra8 27. Nd4 Nxg6 28.
Qg3 Ne5 29. f4 Nc4 30. Bf5 Bd8 31. Qg6 Kg8 32. Qh7+ 1-0

[White "JARRY, Pierre"]
[Black "MARTINEZ, Julien"]
[WhiteElo "1717"]
[BlackElo "1920"]
[Result "1-0"]
[Date "2026.03.05"]

[Event "Chpt Reg Jeunes Occitanie 2026 - Espalion"]
[Site "Espalion, France"]
[Round "4.13"]
[ECO "?"]
[Annotator "?"]
[TimeControl "1h30 + 30sec/cp"]

1. d4 d5 2.
c4 e6 3.
Nc3 Nf6 4.
Bg5 Be7 5.
e3 c6 6.
Nf3 Nbd7 7.
cxd5 exd5 8. Bd3 h6 9. Bh4 O-O 10. O-O Re8 11. Qc2 Ne4 12. Bxe7 Qxe7 13. Nd2 Ndf6 14. Ndxe4 Nxe4 15. Nxe4 dxe4 16. Bc4 Qg5 17. Kh1 Be6 18. b4 h5 19. Bxe6 Rxe6 20.
Qc5 Rg6 21. Qxg5 Rxg5 22. Rab1 Kf8 23. Rfc1 Ke8 24. Rc5 Rd5 25. Kg1 Kd7 26. Kf1 Rc8 27. Ke2 b6 28. Rc2 Rb8 29. Rbc1 Rc8 30. f3 exf3+ 31. gxf3 Rg5 32. e4 Rg2+ 33.
Ke3 Rxc2 34. Rxc2 Re8 35. f4 Kd6 36. Rg2 g6 37. h4 Re7 38. Kd3 c5 39. d5 cxb4 40. Kd4 Rc7 41. e5+ Kd7 42. f5 gxf5 43. Rg7 Ke8 44. Rg8+ Kd7 45. Rg7 Kc8 46. d6 Rd7 47. Kd5 a5 48. Kc6 Rd8 49.
Rxf7 Rg8 50. Re7 a4 51. e6 b3 52. axb3 axb3 53. d7+ Kd8 54. Rh7 Rg6 55. Rh8+ Ke7 56. d8=Q+ 1-0

[White "VILLEMIN CHARTIER, Elias"]
[Black "PAPION, Simon"]
[WhiteElo "1900"]
[BlackElo "1718"]
[Result "1/2-1/2"]
[Date "2026.03.05"]

[Event "Chpt Reg Jeunes Occitanie 2026 - Espalion"]
[Site "Espalion, France"]
[Round "4.14"]
[ECO "?"]
[Annotator "?"]
[TimeControl "1h30 + 30sec/cp"]

1. e4 e6 2.
d4 d5 3.
Nc3 Bb4 4.
exd5 exd5 5. Bd3 Nf6 6. h3 O-O 7. Qf3 Nc6 8. Nge2 h6 9. O-O Be6 10. Be3 Qd7 11. Bxh6 Ne4 12. Nxe4 dxe4 13. Qg3 f5 14. Bb5 Nxd4 15. Nxd4 Qxd4 16. c3 Bd6 17. Qg6 Qf6 18. Qxf6 Rxf6 19. Bg5 Rg6 20. h4 Kf7 21. Be2 Rh8 22. f4 exf3 23.
Rxf3 Bc5+ 24. Be3 Bxe3+ 25. Rxe3 f4 26. h5 fxe3 27. hxg6+ Kxg6 28. Bf3 b6 29. Re1 Bxa2 30. Rxe3 Kf6 31. Rd3 Be6 32. Rd4 c5 1/2-1/2

[White "CASTEIL, Louis"]
[Black "BEUCHER, Simon"]
[WhiteElo "1487"]
[BlackElo "1765"]
[Result "0-1"]
[Date "2026.03.05"]

[Event "Chpt Reg Jeunes Occitanie 2026 - Espalion"]
[Site "Espalion, France"]
[Round "4.15"]
[ECO "?"]
[Annotator "?"]
[TimeControl "1h30 + 30sec/cp"]

1. e4 e6 2.
d4 d5 3.
exd5 exd5 4. Nf3 Nf6 5. Bg5 Be7 6. h3 h6 7.
Bh4 Bf5 8.
Bd3 Ne4 9.
Bxe7 Qxe7 10. O-O O-O 11. Re1 Qf6 12.
Nbd2 Nxd2 13. Qxd2 Bxh3 14. gxh3 Qxf3 15. Re3 Qf6 16. Rg3 Nd7 17. Kh2 Rfe8 18. Rag1 g5 19. h4 Kf8 20. hxg5 hxg5 21. Rxg5 Qh8+ 22.
Kg2 Qxd4 23. Rg8+ Ke7 24. Re1+ Ne5 25. Rxe8+ Rxe8 26. Qg5+ Kd6 27. f4 Nxd3 28. Rxe8 Qf2+ 29. Kh1 Qf3+ 30. Qg2 Qxg2+ 31. Kxg2 Nxf4+ 32.
Kf3 Ne6 33. c3 f5 34. Ra8 a6 35. Rb8 b6 36. b4 d4 37. cxd4 Nxd4+ 38. Kf4 Nc6 39.
Ra8 Nxb4 40. Kxf5 Nxa2 41. Rxa6 Nb4 42. Ra4 Kc5 43. Ke4 Kc4 44. Ke3 Kb3 45. Ra7 c5 46. Rb7 Nd5+ 47. Ke4 Kc4 48. Rb8 b5 49. Rd8 Nc3+ 50. Ke3 Kb3 51.
Kd2 c4 52.
Kc1 b4 53.
Rc8 Ne2+ 54. Kd1 c3 55. Kxe2 Kc2 56. Rb8 b3 57. Rxb3 Kxb3 58. Kd1 Kb2 0-1

[White "BAUER, Pierre"]
[Black "VALMIR, Clovis"]
[WhiteElo "2174"]
[BlackElo "2006"]
[Result "1-0"]
[Date "2026.03.06"]

[Event "Chpt Reg Jeunes Occitanie 2026 - Espalion"]
[Site "Espalion, France"]
[Round "5.11"]
[ECO "?"]
[Annotator "?"]
[TimeControl "1h30 + 30sec/cp"]

1. d4 Nf6 2. c4 g6 3.
f3 Bg7 4.
e4 d6 5.
Nc3 O-O 6.
Bg5 h6 7.
Be3 c5 8.
d5 e6 9.
Qd2 exd5 10. cxd5 a6 11. a4 Re8 12. Bc4 Nbd7 13. Be2 Ne5 14. Bxh6 Nxe4 15. Nxe4 Qh4+ 16. g3 Qxh6 17. Qxh6 Bxh6 18. Nf6+ Kf8 19. Nxe8 Kxe8 20.
f4 Ng4 21.
Ra3 Bg7 22. Rb3 Nf6 23. Bf3 Bd7 24. Rxb7 Bxa4 25. Ne2 Nd7 26. Nc3 Bxc3+ 27. bxc3 Bb5 28. Bg4 f5 29. Be2 c4 30. Kf2 Kd8 31. Ra1 Rc8 32. Bf3 Rc5 33. Ra7 Kc8 34. Rb1 Nf6 35. Rg7 Nxd5 36.
Rc1 Be8 37. Re1 Nc7 38. Rxc7+ Kxc7 39. Rxe8 d5 40. Ke3 Kb7 41. Kd4 Rb5 42. Bxd5+ Ka7 43. Ra8+ Kb6 44. Rxa6+ Kc7 45. Rxg6 Rc5 46.
Kxc5 1-0

[White "BEUCHER, Simon"]
[Black "JARRY, Pierre"]
[WhiteElo "1765"]
[BlackElo "1717"]
[Result "1/2-1/2"]
[Date "2026.03.06"]

[Event "Chpt Reg Jeunes Occitanie 2026 - Espalion"]
[Site "Espalion, France"]
[Round "5.12"]
[ECO "?"]
[Annotator "?"]
[TimeControl "1h30 + 30sec/cp"]

1. e4 c5 2.
Nf3 Nc6 3.
Bb5 g6 4.
c3 Nf6 5.
e5 Nd5 6.
O-O Bg7 7.
d4 cxd4 8.
cxd4 O-O 9.
Nc3 Nxc3 10. bxc3 d6 11. Bxc6 bxc6 12. Bf4 c5 13. exd6 exd6 14. Rb1 Bg4 15. h3 Qf6 16. Bg5 Qxg5 17. Nxg5 Bxd1 18. Rfxd1 cxd4 19. cxd4 Rab8 20. d5 Rfc8 21.
Ne4 Be5 22. g3 Rxb1 23. Rxb1 Rc2 24. f4 Bd4+ 25. Kf1 Bc5 26. Nxc5 Rxc5 27. Rb8+ Kg7 28. Rb7 a5 29. a4 Rxd5 30. Rb5 Rxb5 31. axb5 a4 32. b6 a3 33. b7 a2 34. b8=Q a1=Q+ 35.
Ke2 d5 36.
Qd6 Qd4 37. Qd8 Qe4+ 38. Kd2 d4 39. Qg5 Qe3+ 40. Kd1 d3 41. Qe5+ Qxe5 42. fxe5 f6 43. exf6+ Kxf6 44. Kd2 Ke5 45. Kxd3 Kd5 46. h4 h5 47. Ke3 Ke5 48. Kf3 Kf5 49.
Ke3 Kg4 50. Kf2 Kh3 51. Kf3 1/2-1/2

[White "PAPION, Simon"]
[Black "PETITGRAND, Leo"]
[WhiteElo "1718"]
[BlackElo "1644"]
[Result "0-1"]
[Date "2026.03.06"]

[Event "Chpt Reg Jeunes Occitanie 2026 - Espalion"]
[Site "Espalion, France"]
[Round "5.13"]
[ECO "?"]
[Annotator "?"]
[TimeControl "1h30 + 30sec/cp"]

1. d4 Nf6 2. c4 e6 3. Nc3 Bb4 4. Bg5 c5 5. e3 Qa5 6. Bxf6 Bxc3+ 7. bxc3 Qxc3+ 8.
Ke2 gxf6 9.
Rc1 Qa5 10.
Qd2 Qxd2+ 11. Kxd2 cxd4 12. exd4 Nc6 13. Nf3 b6 14. Bd3 Bb7 15. Rb1 Rg8 16. Rhg1 f5 17. Ke3 Ba6 18. g3 Na5 19. Rgc1 Ke7 20. c5 Bxd3 21. Kxd3 bxc5 22. Rxc5 Nc6 23.
Rb7 Rab8 24. Rc7 Kd6 25. R7xc6+ dxc6 26. Ne5 Rgc8 27. Nxf7+ Ke7 28. Ne5 Rb2 29. Ra5 Rc7 30. Ke3 Kf6 31. h4 c5 32. Nd3 cxd4+ 33. Kxd4 Re2 34. Ra6 Re4# 0-1

[White "MARTINEZ, Julien"]
[Black "VILLEMIN CHARTIER, Elias"]
[WhiteElo "1920"]
[BlackElo "1900"]
[Result "0-1"]
[Date "2026.03.06"]

[Event "Chpt Reg Jeunes Occitanie 2026 - Espalion"]
[Site "Espalion, France"]
[Round "5.14"]
[ECO "?"]
[Annotator "?"]
[TimeControl "1h30 + 30sec/cp"]

1. e4 c6 2.
Nc3 d5 3.
Nf3 dxe4 4.
Nxe4 Nf6 5.
Qe2 Nxe4 6.
Qxe4 Qd5 7.
Qh4 Qf5 8.
Bd3 Qg4 9.
Qg3 Qxg3 10. hxg3 g6 11. c3 Bg7 12. Bc2 c5 13. a4 Nc6 14. a5 Ne5 15. Be4 f5 16. Bd5 Nd3+ 17. Ke2 Nxc1+ 18. Rhxc1 e6 19. Bb3 Ke7 20. d4 Bd7 21. Ba4 cxd4 22. Bxd7 d3+ 23. Kxd3 Rhd8 24. Rd1 Rxd7+ 25.
Kc2 Rad8 26. Rxd7+ Rxd7 27. Re1 Bf6 28. Re3 Rd5 29. b4 a6 30. c4 Rd8 31. Rd3 Rxd3 32. Kxd3 e5 33. Nd2 e4+ 34. Kc2 Bd4 35. f3 exf3 36. gxf3 Bf2 37. Nf1 Be1 38. Kb3 Kd6 39.
Ka4 h5 40.
b5 f4 41.
gxf4 h4 42. Kb3 Kc5 43. bxa6 bxa6 44. Kc2 Bg3 45. Nd2 Bxf4 46. Ne4+ Kxc4 47. Nf2 g5 48. Kd1 Kb5 49. Kc2 Kxa5 50. Kb3 Kb5 51. Ka3 a5 52. Kb3 a4+ 53. Ka2 Be3 54.
Nd1 Bd4 55. f4 gxf4 56. Nc3+ Bxc3 57. Kb1 h3 0-1

[White "DO, Alex"]
[Black "GUEGUEN, Hector"]
[WhiteElo "1683"]
[BlackElo "1797"]
[Result "1-0"]
[Date "2026.03.06"]